 Dungeon Crawl Stone Soup version 0.19-a0-1553-g64c24c3 (webtiles) character file.

18139 sveltemanboy the Grappler (level 12, -7/86 HPs)
             Began as a Demonspawn Gladiator on Sept 13, 2016.
             Was an Initiate of Gozag.
             Mangled by a six-headed hydra (11 damage)
             ... on level 2 of the Lair of Beasts on Sept 14, 2016.
             The game lasted 00:52:07 (13978 turns).

sveltemanboy the Grappler (Demonspawn Gladiator)   Turns: 13978, Time: 00:52:08

Health: -7/86      AC: 14    Str: 20    XL:     12   Next: 25%
Magic:  0/17       EV: 19    Int:  9    God:    Gozag
Gold:   1330       SH:  9    Dex: 17    Spells: 0 memorised, 11 levels left

rFire  . . .     SeeInvis .       - Unarmed
rCold  + + .     Gourm    .     r - +1 ice dragon armour
rNeg   . . .     Faith    .     a - +3 buckler
rPois  .         Spirit   +     (helmet restricted)
rElec  +         Dismiss  .     y - +1 cloak of Starlight {rElec rC+ EV+4 Stlth--}
rCorr  .         Reflect  .     (no gloves)
MR     +....     Harm     .     (no boots)
Stlth  .......... Clarity  +    v - amulet of guardian spirit
                                s - ring of fire
                                c - +4 ring of evasion

@: very slightly contaminated, hasted, very quick
A: antennae 2, claws 2, hooves 1, agile 1, blurry vision 1, clarity, magic
resistance 1, powered by pain 3
a: Potion Petition, Call Merchant, Bribe Branch, Renounce Religion


You were on level 2 of the Lair of Beasts.
You worshipped Gozag.
Gozag was most pleased with you.
You were not hungry.

You visited 2 branches of the dungeon, and saw 15 of its levels.

You collected 2920 gold pieces.
You spent 78 gold pieces at shops.
You paid 1512 gold pieces to Gozag.

Inventory:

Missiles
 e - 16 tomahawks (quivered)
Armour
 a - a +3 buckler (worn)
 r - a +1 ice dragon armour (worn)
 y - the +1 cloak of Starlight (worn) {rElec rC+ EV+4 Stlth--}
   (You acquired it on level 1 of the Lair of Beasts)

   It affects your evasion (+4).
   It protects you from cold.
   It insulates you from electricity.
   It makes you much less stealthy.
Jewellery
 c - a +4 ring of evasion (left claw)
 i - an uncursed ring of flight
 s - a ring of fire (right claw)
 u - an uncursed ring of resist corrosion
 v - an amulet of guardian spirit (around neck)
Wands
 g - a wand of random effects (15/48)
 j - a wand of hasting (1/9)
 q - a wand of acid (0/15)
 z - a wand of disintegration (5/24)
 F - a wand of polymorph (0/24)
Scrolls
 h - 8 scrolls of remove curse
 l - 2 scrolls of blinking
 m - 3 scrolls of fear
 n - 2 scrolls of identify
 p - 4 scrolls of fog
 x - 3 scrolls of magic mapping
 C - a scroll of silence
Potions
 b - a potion of invisibility
 o - 2 potions of haste
 t - a potion of flight
 w - a potion of curing
 A - 2 potions of cancellation
 E - 2 potions of heal wounds
Comestibles
 d - 2 slices of pizza
 f - 4 bread rations
 k - 6 meat rations
 G - 2 royal jellies


   Skills:
 - Level 5.0 Fighting
   Level 2.9 Polearms
 - Level 1.7 Throwing
 - Level 5.2 Armour
 - Level 3.0 Dodging
 - Level 5.0 Shields
 * Level 14.5 Unarmed Combat
 + Level 6.7 Evocations


You had 11 spell levels left.
You didn't know any spells.

Dungeon Overview and Level Annotations

Branches:
Dungeon (13/15)            Temple (0/1) D:6            Lair (2/6) D:8
    Orc (0/2) D:10
  Swamp: Lair:2-4    Shoals: Lair:2-4     Snake: Lair:2-4    Spider: Lair:2-4
 Vaults: D:13-14

Altars:
Ashenzari
Cheibriados
Dithmenos
Fedhas
Gozag
Ru
Trog
Vehumet
Yredelemnul
The Shining One

Shops:
D:8 !   D:9 [


Innate Abilities, Weirdness & Mutations

You have a pair of antennae on your head.
You have very sharp fingernails.
You have large cloven feet.
You are powered by pain.
You are agile. (Dex +2)
Scrolls take you a little longer to read.
You possess an exceptional clarity of mind.
You are resistant to hostile enchantments. (MR+)


Message History

The six-headed hydra bites you but does no damage.
You block the six-headed hydra's attack.
The six-headed hydra bites you!
* * * LOW HITPOINT WARNING * * *
The six-headed hydra barely misses you.
There is a stone staircase leading up here.
You block the six-headed hydra's attack.
The six-headed hydra bites you.
* * * LOW HITPOINT WARNING * * *
The six-headed hydra bites you but does no damage.
You block the six-headed hydra's attack.
The six-headed hydra bites you but does no damage. x2
You block the six-headed hydra's attack.
The six-headed hydra bites you!
* * * LOW HITPOINT WARNING * * *
The six-headed hydra closely misses you.
You block the six-headed hydra's attack.
The six-headed hydra bites you!
You die...
Your body crumbles into a pile of gold.

### ## ##.##.###
#####...<..P###.
#.#............. .
##..............# .=
#...............#
#..##...............
#.......D...........
#......@............
.#..##..............
#.. ##.............
## ##............
###.........
#.#........
##...#..### #######


You could see a six-headed hydra.

Vanquished Creatures
  Fannar (D:12)
  A hydra (Lair:1)
  A centaur warrior (D:11)
  Nergalle (D:11)
  An unseen horror (D:13)
  Pikel (D:7)
  4 hill giants
  A cyclops (D:13)
  3 ugly things
  A manticore (D:11)
  A centaur zombie (D:13)
  Maurice (D:8)
  A spiny frog (Lair:1)
  A komodo dragon (D:13)
  A troll (D:12)
  A queen bee (D:11)
  5 slime creatures
  A vampire (D:13)
  A wyvern (D:13)
  4 yaks (D:10)
  5 hippogriffs
  A hungry ghost (D:7)
  A steam dragon (D:12)
  4 vampire mosquitoes (D:10)
  A warg (D:10)
  5 water moccasins
  A porcupine (Lair:1)
  3 orc warriors
  A sky beast (D:13)
  A black bear (D:12)
  2 phantoms
  8 ogres
  A necrophage (D:12)
  5 centaurs
  2 crocodiles (Lair:1)
  A big kobold (D:13)
  3 giant frogs
  A gnoll sergeant (D:10)
  2 scorpions
  14 killer bees (D:11)
  2 howler monkeys (D:11)
  3 crimson imps
  3 quasits
  5 hounds
  A jelly (D:12)
  6 orc priests
  A giant frog zombie (D:11)
  Crazy Yiuf (D:2)
  2 giant frog skeletons
  8 orc wizards
  2 centaur skeletons
  4 iguanas
  11 worker ants
  A statue (D:6)
  A hound zombie (D:9)
  A worker ant zombie (D:9)
  Robin (D:3)
  18 gnolls
  5 river rats (Lair:1)
  11 adders
  4 oozes
  An adder skeleton (D:10)
  6 worms
  A dart slug (D:4)
  7 giant geckos
  41 orcs
  8 bats
  3 giant cockroaches
  13 goblins
  14 hobgoblins
  A jackal (D:7)
  19 kobolds
  10 quokkas
  2 ball pythons
  4 frilled lizards
  13 rats
  A fungus (D:2)
329 creatures vanquished.

Vanquished Creatures (collateral kills)
  A sky beast (D:11)
1 creature vanquished.

Vanquished Creatures (others)
  A jackal (D:7)
  4 plants (D:3)
5 creatures vanquished.

Grand Total: 335 creatures vanquished

Notes
Turn   | Place    | Note
-------+----------+-------------------------------------------
     0 | D:1      | sveltemanboy the Demonspawn Gladiator began the quest for the Orb.
     0 | D:1      | Reached XP level 1. HP: 16/16 MP: 1/1
   311 | D:1      | Gained mutation: You have sharp fingernails. [demonic ancestry]
   311 | D:1      | Reached XP level 2. HP: 16/22 MP: 2/2
   685 | D:1      | Reached skill level 1 in Unarmed Combat
  1104 | D:2      | Gained mutation: You sometimes gain a little power by taking damage. [demonic ancestry]
  1104 | D:2      | Reached XP level 3. HP: 26/27 MP: 3/3
  1200 | D:2      | Reached skill level 2 in Unarmed Combat
  1299 | D:2      | Reached skill level 1 in Armour
  1539 | D:2      | Found a snail-covered altar of Cheibriados.
  1566 | D:2      | Found a blossoming altar of Fedhas.
  1847 | D:2      | Reached XP level 4. HP: 24/33 MP: 4/4
  2043 | D:2      | Found a runed door.
  2057 | D:2      | Noticed Crazy Yiuf
  2062 | D:2      | Killed Crazy Yiuf
  2212 | D:3      | Reached skill level 3 in Unarmed Combat
  2246 | D:3      | Noticed Robin
  2268 | D:3      | Killed Robin
  2325 | D:3      | Gained mutation: You have a pair of small antennae on your head. [demonic ancestry]
  2325 | D:3      | Reached XP level 5. HP: 33/38 MP: 5/5
  2467 | D:3      | Found a shattered altar of Ashenzari.
  2798 | D:3      | Found a glowing golden altar of the Shining One.
  3677 | D:4      | Reached skill level 4 in Unarmed Combat
  3690 | D:4      | Reached XP level 6. HP: 32/44 MP: 6/6
  4461 | D:4      | Reached skill level 5 in Unarmed Combat
  4539 | D:5      | Entered Level 5 of the Dungeon
  4586 | D:5      | Gained mutation: You sometimes gain power by taking damage. [demonic ancestry]
  4586 | D:5      | Reached XP level 7. HP: 44/50 MP: 7/7
  4600 | D:5      | Found an opulent altar of Gozag.
  4600 | D:5      | Found a shadowy altar of Dithmenos.
  5020 | D:6      | Upgraded the game from 0.19-a0-1532-g228a5d9 to 0.19-a0-1553-g64c24c3
  5041 | D:5      | Became a worshipper of Gozag Ym Sagoz the Greedy
  5085 | D:6      | Found a staircase to the Ecumenical Temple.
  5107 | D:6      | Found a radiant altar of Vehumet.
  5849 | D:6      | Noticed a moth of wrath
  5852 | D:6      | Found a bloodstained altar of Trog.
  5931 | D:6      | Found a basalt altar of Yredelemnul.
  5944 | D:6      | Reached skill level 6 in Unarmed Combat
  6031 | D:7      | Noticed Pikel
  6038 | D:7      | Gained mutation: You have a pair of antennae on your head. [demonic ancestry]
  6038 | D:7      | Reached XP level 8. HP: 19/56 MP: 8/8
  6051 | D:7      | Killed Pikel
  6051 | D:7      | Reached skill level 5 in Armour
  6051 | D:7      | Reached skill level 7 in Unarmed Combat
  6864 | D:7      | Reached skill level 8 in Unarmed Combat
  7094 | D:8      | Found Awipt's Distillery.
  7117 | D:8      | Bought a potion of might for 48 gold pieces
  7117 | D:8      | Bought a potion of mutation for 30 gold pieces
  7117 | D:8      | Gained mutation: Scrolls take you a little longer to read. [potion of mutation]
  7117 | D:8      | Gained mutation: You possess an exceptional clarity of mind. [potion of mutation]
  7117 | D:8      | Gained mutation: You are resistant to hostile enchantments. (MR+) [potion of mutation]
  7124 | D:8      | Found a staircase to the Lair.
  7193 | D:8      | Gained mutation: You have large cloven feet. [demonic ancestry]
  7193 | D:8      | Reached XP level 9. HP: 61/65 MP: 9/9
  7313 | D:8      | Noticed Maurice
  7348 | D:8      | Killed Maurice
  7348 | D:8      | Reached skill level 9 in Unarmed Combat
  7555 | D:8      | Reached skill level 1 in Evocations
  7840 | D:9      | Gained mutation: You are agile. (Dex +2) [potion of beneficial mutation]
  8182 | D:9      | Reached skill level 10 in Unarmed Combat
  8499 | D:9      | Found a sacrificial altar of Ru.
  8660 | D:10     | Entered Level 10 of the Dungeon
  8800 | D:10     | Found a staircase to the Orcish Mines.
  9028 | D:10     | Noticed a hill giant
  9032 | D:10     | Reached XP level 10. HP: 70/73 MP: 10/12
  9044 | D:10     | Killed a hill giant
  9073 | D:10     | Reached skill level 11 in Unarmed Combat
  9173 | D:10     | Reached skill level 1 in Shields
  9427 | D:10     | Noticed a hill giant
  9450 | D:10     | Killed a hill giant
  9958 | D:11     | Noticed Nergalle
  9974 | D:11     | Killed Nergalle
  9974 | D:11     | Reached skill level 12 in Unarmed Combat
 10442 | D:11     | Noticed a brown ugly thing
 10450 | D:11     | Killed a brown ugly thing
 10450 | D:11     | Gained mutation: You have very sharp fingernails. [demonic ancestry]
 10450 | D:11     | Reached XP level 11. HP: 34/78 MP: 11/14
 10603 | D:11     | Noticed a centaur warrior
 10620 | D:11     | Killed a centaur warrior
 11334 | D:11     | Noticed a hill giant
 11341 | D:12     | Noticed Fannar
 11367 | D:11     | Noticed a green ugly thing
 11596 | D:12     | Killed Fannar
 11596 | D:12     | Reached skill level 5 in Shields
 11596 | D:12     | Reached skill level 13 in Unarmed Combat
 12247 | D:13     | Reached skill level 5 in Fighting
 12421 | D:13     | Found a shattered altar of Ashenzari.
 12454 | D:13     | Reached skill level 5 in Evocations
 12644 | D:13     | Killed an unseen horror
 12785 | D:13     | Noticed a brown ugly thing
 12794 | D:13     | Killed a brown ugly thing
 12794 | D:13     | Reached skill level 14 in Unarmed Combat
 12985 | D:11     | Noticed a hill giant
 12997 | D:11     | Killed a hill giant
 12997 | D:11     | Gained mutation: You are powered by pain. [demonic ancestry]
 12997 | D:11     | Reached XP level 12. HP: 39/86 MP: 9/16
 13269 | Lair:1   | Entered Level 1 of the Lair of Beasts
 13272 | Lair:1   | Identified a scroll of acquirement
 13602 | Lair:1   | Noticed a four-headed hydra
 13609 | Lair:1   | Killed a four-headed hydra
 13937 | Lair:2   | Noticed a six-headed hydra
 13978 | Lair:2   | HP: 4/86 [six-headed hydra (9)]
 13978 | Lair:2   | Mangled by a six-headed hydra

Vault maps used:
D:1:      dpeg_arrival_water_temple_mockup
D:2:      overflow_temple_1_default, lemuel_round_altar, serial_curves,
          eino_curves_03, eino_curves_02, eino_curves_02, first_bread,
          uniq_crazy_yiuf_cottage
D:3:      evilmike_ruin_ashenzari, nicolae_overflow_hidden_temple,
          serial_bayou_lagoon_a, grunt_ministairs_1, tso_altar, uniq_robin
D:4:      kennysheep_generic_room_7
D:5:      grunt_temple_overflow_open
D:6:      vehumet_statue, kennysheep_mini, tgw_trog
D:7:      uniq_pikel
D:8:      lair_0_dummy, serial_shops, shop, uniq_maurice
D:9:      kennysheep_ambush_hall, nicolae_ru_awakened_eye
D:10:     david_orc_3
D:11:     david_nohive_1, uniq_nergalle
D:12:     uniq_fannar
D:13:     basic_altar
Lair:1:   grunt_megastairs_3, infiniplex_staircase_pool_2
Lair:2:   swamp_mist_pool, minivault_11

Skill      XL: |  1  2  3  4  5  6  7  8  9 10 11 12 |
---------------+-------------------------------------+-----
Dodging        | 3 |  3.0
Unarmed Combat | 1 2 3 4 5 6 8 10 12 14 | 14.5
Armour         | 1 2 3 4 5 |  5.2
Fighting       | 3 4 5 |  5.0
Evocations     | 3 4 5 6 |  6.7
Shields        | 4 5 |  5.0
Polearms       | |  2.9
Throwing       | |  1.7

Action                   |  1- 3 |  4- 6 |  7- 9 | 10-12 || total
-------------------------+-------+-------+-------+-------++-------
Melee: Trident           |    25 |       |       |       ||    25
       Unarmed           |   154 |   367 |   439 |   590 ||  1550
       Punch             |     1 |     2 |    16 |    23 ||    42
       Kick              |       |       |    71 |   208 ||   279
Throw: Throwing net      |     2 |     2 |     2 |     4 ||    10
       Tomahawk          |       |       |       |    23 ||    23
Invok: Potion Petition   |       |       |     1 |     3 ||     4
       Call Merchant     |       |       |     1 |       ||     1
Evoke: Wand              |       |       |     1 |    14 ||    15
  Use: Potion            |       |     4 |     6 |     2 ||    12
       Scroll            |       |     3 |     3 |    23 ||    29
 Stab: Held in net/web   |     1 |       |     1 |     3 ||     5
       Invisible         |       |       |       |    14 ||    14
       Distracted        |       |       |       |     1 ||     1
  Eat: Chunk             |     3 |     9 |     1 |       ||    13
       Beef jerky        |       |       |     2 |       ||     2
       Royal jelly       |       |       |     1 |     5 ||     6
       Meat ration       |       |       |     2 |     1 ||     3
       Pizza             |       |       |     1 |     1 ||     2
       Fruit             |       |       |     3 |       ||     3
Armor: Leather armour    |    34 |       |       |       ||    34
       Ice dragon armour |     9 |   127 |   132 |   188 ||   456
       Skin              |       |     1 |       |       ||     1
Dodge: Dodged            |   114 |   168 |   233 |   356 ||   871
Block: Buckler           |       |       |       |    95 ||    95
